 Dungeon Sprint DCSS version 0.29.1-2-gbd0b4ee654 (webtiles) character file.

Game seed: 2623857999733756127

8000000 raph the Champion of Chaos (level 27, -9/228 HPs)
             Began as a Djinni Warper on Nov 29, 2022.
             Was the Champion of Makhleb.
             Mangled by a bag of meat
             ... wielding a +9 war axe
              (32 damage)
             ... in the Dungeon (Sprint VIII: "Arena of Blood").
             The game lasted 00:02:37 (80 turns).

raph the Champion of Chaos (Djinni Warper)            Turns: 80, Time: 00:02:37

Health: -9/228     AC:  6    Str: 14    XL:     27
Gold:   0          EV: 31    Int: 19    God:    Makhleb [******] SH:  0 Dex: 19

rFire   + + .      SeeInvis .   i - +∞ Axe of Woe
rCold   x . .      Faith    .   (shield currently unavailable)
rNeg    . . .      Spirit   .   b - +0 leather armour
rPois   ∞          Reflect  .   (no helmet)
rElec   .          Harm     .   (no cloak)
rCorr   .          Rampage  .   (no gloves)
Will    ++...      NoTele   +   (boots unavailable)
Stlth   ++++++++++              (no amulet)
HPRegen 0.48/turn               j - +30 ring of slaying
MPRegen 0.00/turn               k - +250 ring of slaying

@: flying
A: sickness immunity, fire resistance 2, cold vulnerability 1, float, innate
caster, HP casting, extra vitality 1
a: Renounce Religion, Minor Destruction, Lesser Servant of Makhleb, Major
Destruction, Greater Servant of Makhleb


You were in the Dungeon.
You worshipped Makhleb.
Makhleb was exalted by your worship.
You visited 1 branch

Inventory:

Hand Weapons
 a - a +0 hand axe
 i - the +∞ Axe of Woe (weapon)
   (You found it in the Dungeon)
Missiles
 d - 7 boomerangs of dispersal (quivered)
Armour
 b - a +0 leather armour (worn)
Jewellery
 j - a +30 ring of slaying (left hand)
 k - a +250 ring of slaying (right hand)
Scrolls
 c - 2 scrolls of blinking
Potions
 e - a potion of curing
 f - a potion of heal wounds
 g - a potion of haste
 h - a potion of berserk rage


   Skills:
 O Level 27 Fighting
 O Level 27 Short Blades
 O Level 27 Long Blades
 O Level 27 Axes
 O Level 27 Maces & Flails
 O Level 27 Polearms
 O Level 27 Staves
 O Level 27 Ranged Weapons
 O Level 27 Throwing
 O Level 27 Armour
 O Level 27 Dodging
 O Level 27 Stealth
 O Level 27 Shields
 O Level 27 Unarmed Combat
 O Level 27 Spellcasting
 O Level 27 Invocations
 O Level 27 Evocations


You couldn't memorise any spells.
You knew the following spells:

 Your Spells              Type           Power      Damage    Failure   Level
a - Blink                 Tloc           100%       N/A       0%          2
b - Lesser Beckoning      Tloc           91%        N/A       0%          3
c - Gell's Gravitas       Tloc           91%        N/A       0%          3
d - Teleport Other        Tloc           91%        N/A       0%          3
e - Manifold Assault      Tloc           91%        N/A       0%          5
f - Apportation           Tloc           100%       N/A       0%          1
g - Wereblood             Tmut           91%        N/A       0%          2
h - Tukima's Dance        Hex            91%        N/A       0%          3
i - Airstrike             Air            45%        2d(7-23)  0%          4
j - Agony                 Necr           91%        N/A       0%          5
k - Yara's Violent Unrav  Hex/Tmut       45%        3d18      0%          5
l - Dispersal             Tloc           45%        N/A       0%          6
m - Orb of Destruction    Conj           45%        9d12      1%          7
n - Storm Form            Tmut/Air       45%        N/A       1%          7
o - Malign Gateway        Summ/Tloc      45%        N/A       1%          7
p - Summon Horrible Thin  Summ           45%        N/A       1%          8
q - Death's Door          Necr           45%        N/A       2%          9
r - Chain Lightning       Conj/Air       45%        3d60      2%          9
Your spell library was empty.

Dungeon Overview and Level Annotations

Branches:
Dungeon (1/1)

Altars:
Makhleb


Innate Abilities, Weirdness & Mutations

You are immune to sickness and miasma.
You are immune to poison.
Your flesh is very heat resistant. (rF++)
You are vulnerable to cold. (rC-)
You float through the air rather than walking.
You learn spells naturally, not from books.
Your magical power is your life essence.
You have superior vitality. (+4 MHP)


Message History

You kill the bag of meat!
Makhleb accepts your kill.
You feel better.
The large abomination disappears in a puff of smoke!
You hear a shout! x2
The tyrant gestures wildly while chanting. x2
A bag of meat comes into view. It is wielding a +9 war axe.
The bag of meat is engulfed in blazing flames.
You open the tentacled monstrosity like a pillowcase!!!!
You fatally mangle the tentacled monstrosity.
You kill the tentacled monstrosity!
The tentacled monstrosity disappears in a puff of smoke!
The large abomination disappears in a puff of smoke! x2
You hear a shout! x5
You hit the tyrant.
You fatally mangle the tyrant.
You destroy the tyrant!
Makhleb accepts your kill.
You feel better.
The large abomination disappears in a puff of smoke! x2
You hear a shout!
The dread throws damnation at you.
The sphere of damnation explodes!
The damnation engulfs you!!
The tyrant gestures wildly while chanting.
A sculptor of flesh comes into view. It is wielding a +9 great sword.
You hear a roar!
A bag of meat and a sculptor of flesh come into view.
A meat berserker comes into view. It is wielding a +9 battleaxe.
You hear a shout! x4
The dread calls on the powers of darkness!
The bag of meat convulses!
Your body is wracked with pain!
The bag of meat convulses!
The eight-headed meat hydra convulses!
The bag of meat hits you with a +9 war axe!!
* * * LOW HITPOINT WARNING * * *
You hear a shout!
The bag of meat is engulfed in blazing flames.
The tyrant waves its bony arms in wide circles.
The air twists around and strikes you!!!
* * * LOW HITPOINT WARNING * * *
The bag of meat hits you with a +9 war axe!!
You die...

..... #.†...#..z..))#
......#_)<._#)○.)....
..).))#..).)#))....#.
#.).)))☼)_))°°○......
...)..))###)o..)....#
..)###))).).W###)).).
#...)...#§..§o..
#.....))#oz§.)..
....)..W)@)§..)O.
).).)..)o§§XX#...
)...))D..§..#L...
...).L)....##...X.
#.X..X...#. X.. #
....)).).#.. ###
.#X)....... .......


You could see 2 tyrants, an eight-headed meat hydra, a sculptor of flesh, 7
large abominations, 2 dreads, a meat berserker (berserk) and 4 bags of meat.

Vanquished Creatures
  2 hell beasts (D)
  2 wraiths (D)
  Harold (D)
  13 vampire knights (D)
  37 ogres (D)
  7 two-headed ogres (D)
  4 liches (D)
  A hydra (D)
  52 orcs (D)
  5 skeletal warriors (D)
124 creatures vanquished.

Notes
Turn   | Place    | Note
-------+----------+-------------------------------------------
     0 | D        | Found the +∞ Axe of Woe
     0 | D        | raph the Djinni Warper began the quest for the Orb.
     0 | D        | raph set off with the following spells memorised: Blink,
                  | Lesser Beckoning, Gell's Gravitas, Teleport Other, Manifold
                  | Assault.
     0 | D        | Reached XP level 1. HP: 18/18 MP: 0/0
     2 | D        | Noticed a meat berserker
     3 | D        | Noticed a bag of meat
     4 | D        | Killed a meat berserker
     4 | D        | Noticed a bag of meat
     5 | D        | Reached skill level 10 in Axes
     5 | D        | Reached skill level 10 in Throwing
     5 | D        | Reached skill level 10 in Spellcasting
     5 | D        | Reached XP level 2. HP: 39/39 MP: 0/0
     5 | D        | Reached XP level 3. HP: 44/44 MP: 0/0
     5 | D        | Learned a level 1 spell: Apportation
     5 | D        | Reached XP level 4. HP: 50/50 MP: 0/0
     5 | D        | Reached XP level 5. HP: 56/56 MP: 0/0
     5 | D        | Learned a level 2 spell: Wereblood
     5 | D        | Reached XP level 6. HP: 62/62 MP: 0/0
     5 | D        | Reached XP level 7. HP: 67/67 MP: 0/0
     5 | D        | Learned a level 3 spell: Tukima's Dance
     5 | D        | Reached XP level 8. HP: 74/74 MP: 0/0
     5 | D        | Reached XP level 9. HP: 79/79 MP: 0/0
     5 | D        | Learned a level 4 spell: Airstrike
     5 | D        | Reached XP level 10. HP: 85/85 MP: 0/0
     5 | D        | Reached XP level 11. HP: 90/90 MP: 0/0
     5 | D        | Learned a level 5 spell: Agony
     5 | D        | Reached XP level 12. HP: 96/96 MP: 0/0
     5 | D        | Became a worshipper of Makhleb the Destroyer
     6 | D        | Killed a bag of meat
     6 | D        | Noticed a meat berserker
     6 | D        | Noticed a bag of meat
     7 | D        | Reached XP level 13. HP: 98/103 MP: 0/0
     7 | D        | Learned a level 5 spell: Yara's Violent Unravelling
     7 | D        | Killed a bag of meat
     7 | D        | Reached * piety under Makhleb
     7 | D        | Killed a meat berserker
     8 | D        | Reached skill level 15 in Fighting
     8 | D        | Reached XP level 14. HP: 103/114 MP: 0/0
     8 | D        | Noticed a meat berserker
     9 | D        | Killed a meat berserker
    10 | D        | Reached skill level 15 in Axes
    10 | D        | Reached skill level 15 in Armour
    10 | D        | Reached XP level 15. HP: 121/121 MP: 0/0
    10 | D        | Learned a level 6 spell: Dispersal
    10 | D        | Noticed a meat berserker
    11 | D        | Noticed a meat berserker
    12 | D        | Killed a meat berserker
    12 | D        | Reached ** piety under Makhleb
    12 | D        | Killed a meat berserker
    13 | D        | Reached XP level 16. HP: 130/130 MP: 0/0
    13 | D        | Noticed a meat berserker
    14 | D        | Noticed a meat berserker
    14 | D        | Reached *** piety under Makhleb
    14 | D        | Killed a meat berserker
    15 | D        | Reached skill level 15 in Throwing
    15 | D        | Reached XP level 17. HP: 139/139 MP: 0/0
    15 | D        | Learned a level 7 spell: Orb of Destruction
    16 | D        | Reached **** piety under Makhleb
    16 | D        | Noticed a meat berserker
    16 | D        | Noticed a large bag of meat
    16 | D        | Noticed a meat berserker
    17 | D        | Reached skill level 15 in Spellcasting
    17 | D        | Killed a meat berserker
    18 | D        | Reached ***** piety under Makhleb
    18 | D        | Noticed a meat berserker
    18 | D        | Noticed a meat berserker
    19 | D        | Reached XP level 18. HP: 151/151 MP: 0/0
    19 | D        | Noticed a meat berserker
    21 | D        | Killed a large bag of meat
    21 | D        | Killed a meat berserker
    21 | D        | Reached ****** piety under Makhleb
    21 | D        | Noticed a meat berserker
    21 | D        | Noticed a meat berserker
    22 | D        | Reached XP level 19. HP: 162/162 MP: 0/0
    22 | D        | Learned a level 7 spell: Storm Form
    22 | D        | Killed a meat berserker
    23 | D        | Reached skill level 27 in Invocations
    23 | D        | Reached XP level 20. HP: 172/172 MP: 0/0
    23 | D        | Killed a meat berserker
    23 | D        | Noticed a large bag of meat
    25 | D        | Killed a meat berserker
    25 | D        | Noticed a meat berserker
    25 | D        | Noticed a large bag of meat
    26 | D        | Reached skill level 27 in Axes
    26 | D        | Reached skill level 27 in Dodging
    26 | D        | Killed a meat berserker
    27 | D        | Reached XP level 21. HP: 184/184 MP: 0/0
    27 | D        | Learned a level 7 spell: Malign Gateway
    27 | D        | Killed a meat berserker
    27 | D        | Noticed an eight-headed meat hydra
    27 | D        | Noticed a large bag of meat
    28 | D        | Killed a meat berserker
    29 | D        | Reached skill level 27 in Fighting
    29 | D        | Reached skill level 27 in Armour
    30 | D        | Killed a meat berserker
    30 | D        | Killed a large bag of meat
    31 | D        | Reached skill level 27 in Throwing
    31 | D        | Reached skill level 27 in Spellcasting
    31 | D        | Reached XP level 22. HP: 194/194 MP: 0/0
    32 | D        | Killed a nine-headed meat hydra
    33 | D        | Reached skill level 10 in Maces & Flails
    33 | D        | Reached skill level 10 in Polearms
    34 | D        | Killed a large bag of meat
    35 | D        | Reached XP level 23. HP: 185/201 MP: 0/0
    35 | D        | Learned a level 8 spell: Summon Horrible Things
    35 | D        | Noticed a destroyer
    35 | D        | Noticed a destroyer
    35 | D        | Noticed a destroyer
    35 | D        | Noticed a large bag of meat
    36 | D        | Killed a destroyer
    36 | D        | Killed a large bag of meat
    36 | D        | Killed a destroyer
    36 | D        | Noticed The Servant
    36 | D        | Noticed a destroyer
    37 | D        | Killed a large bag of meat
    37 | D        | Killed a destroyer
    37 | D        | Noticed a destroyer
    38 | D        | Reached XP level 24. HP: 208/208 MP: 0/0
    39 | D        | Noticed a destroyer
    39 | D        | Noticed a destroyer
    42 | D        | Noticed a destroyer
    43 | D        | Reached skill level 27 in Unarmed Combat
    43 | D        | Reached XP level 25. HP: 214/214 MP: 0/0
    43 | D        | Learned a level 9 spell: Death's Door
    44 | D        | Reached skill level 27 in Stealth
    44 | D        | Noticed a tyrant
    44 | D        | Killed a destroyer
    45 | D        | Reached skill level 27 in Maces & Flails
    45 | D        | Reached skill level 27 in Polearms
    46 | D        | Reached XP level 26. HP: 221/221 MP: 0/0
    46 | D        | Noticed a tyrant
    47 | D        | Noticed a destroyer
    48 | D        | Reached skill level 27 in Staves
    48 | D        | Killed a destroyer
    49 | D        | Reached skill level 10 in Short Blades
    49 | D        | Reached skill level 10 in Long Blades
    49 | D        | Killed a destroyer
    50 | D        | Reached skill level 15 in Shields
    50 | D        | Reached skill level 15 in Evocations
    50 | D        | Reached XP level 27. HP: 213/228 MP: 0/0
    50 | D        | Learned a level 9 spell: Chain Lightning
    50 | D        | Noticed a large bag of meat
    51 | D        | Killed a destroyer
    51 | D        | Killed a tyrant
    51 | D        | Noticed a large bag of meat
    52 | D        | Killed a large bag of meat
    52 | D        | Killed The Servant
    52 | D        | Killed a tyrant
    53 | D        | Noticed an accursed
    54 | D        | Killed a destroyer
    55 | D        | Noticed a tyrant
    59 | D        | Killed a destroyer
    60 | D        | Reached skill level 27 in Short Blades
    60 | D        | Reached skill level 27 in Long Blades
    60 | D        | Reached skill level 27 in Shields
    60 | D        | Reached skill level 27 in Evocations
    60 | D        | Killed a tyrant
    60 | D        | Killed a large bag of meat
    61 | D        | Reached skill level 27 in Ranged Weapons
    62 | D        | Noticed a dread
    62 | D        | Noticed a destroyer
    64 | D        | Killed a destroyer
    64 | D        | Killed a dread
    66 | D        | Noticed a destroyer
    68 | D        | Noticed a destroyer
    69 | D        | Killed a destroyer
    69 | D        | Killed a destroyer
    69 | D        | Noticed an accursed
    69 | D        | Noticed a destroyer
    70 | D        | Noticed a dread
    70 | D        | Noticed a dread
    70 | D        | Noticed a tyrant
    71 | D        | Noticed a meat beast
    71 | D        | Killed a dread
    71 | D        | Noticed a meat beast
    72 | D        | Noticed a dread
    74 | D        | Killed a meat beast
    75 | D        | Killed a meat beast
    75 | D        | Noticed a tyrant
    75 | D        | Noticed a tyrant
    76 | D        | Killed a destroyer
    79 | D        | Killed a tyrant
    80 | D        | Mangled by a bag of meat

Illustrated notes

Levels and vault maps discovered:
D:        meatsprint

Skill      XL: |  1  2  3  4  5  6  7  8  9 10 11 12 13 14 15 16 17 18 19 20 21 22 23 24 25 26 27 |
---------------+----------------------------------------------------------------------------------+-----
Fighting       | 12 13 15 17 18 20 22 23 26 27 | 27.0
Axes           | 10 11 14 15 17 19 22 24 25 27 | 27.0
Throwing       | 10 11 12 13 14 15 17 19 20 22 27 | 27.0
Armour         | 12 13 14 15 17 18 20 22 23 26 27 | 27.0
Dodging        | 13 14 16 17 18 20 22 24 25 27 | 27.0
Spellcasting   | 10 12 13 14 16 18 20 27 | 27.0
Invocations    | 6 11 13 17 19 23 26 27 | 27.0
Maces & Flails | 2 13 21 25 27 | 27.0
Polearms       | 2 13 21 25 27 | 27.0
Stealth        | 3 14 22 26 27 | 27.0
Unarmed Combat | 3 16 24 27 | 27.0
Staves         | 23 27 | 27.0
Short Blades   | 14 27 | 27.0
Long Blades    | 14 27 | 27.0
Ranged Weapons | 13 27 | 27.0
Shields        | 15 27 | 27.0
Evocations     | 15 27 | 27.0

Action                   |  1- 3 |  4- 6 |  7- 9 | 10-12 | 13-15 | 16-18 | 19-21 | 22-24 | 25-27 || total
-------------------------+-------+-------+-------+-------+-------+-------+-------+-------+-------++-------
Melee: Executioner's axe |     1 |       |       |     1 |     5 |    14 |    10 |    20 |    61 ||   112
 Cast: Manifold Assault  |       |       |       |     1 |     3 |     3 |     1 |     4 |    12 ||    24
       Wereblood         |       |       |       |       |       |     1 |       |       |       ||     1
       Summon Horrible T |       |       |       |       |       |       |       |       |     1 ||     1
Dodge: Dodged            |       |       |       |       |       |       |       |     2 |     1 ||     3
